 Dungeon Crawl Stone Soup version 0.22-a0-21-g9421e3f (webtiles) character file.

407 Alarkh the Slasher (level 6, -1/47 HPs)
             Began as a Demonspawn Berserker on Jan 2, 2018.
             Was a Believer of Trog.
             Slain by a phantom (9 damage)
             ... on level 4 of the Dungeon.
             The game lasted 00:04:51 (4645 turns).

Alarkh the Slasher (Demonspawn Berserker)           Turns: 4645, Time: 00:04:51

Health: -1/47      AC:  4    Str: 17    XL:     6   Next: 57%
Magic:  6/6        EV: 12    Int: 10    God:    Trog [**....]
Gold:   172        SH:  0    Dex: 13    Spells: 5/5 levels left

rFire    . . .     SeeInvis .   a - +0 falchion
rCold    . . .     Gourm    .   (no shield)
rNeg     . . .     Faith    .   b - +0 animal skin
rPois    .         Spirit   .   (no helmet)
rElec    .         Reflect  .   (no cloak)
rCorr    .         Harm     .   (no gloves)
MR       .....                  (no boots)
Stlth    ++........             (no amulet)
HPRegen  0.15/turn              j - ring of stealth
MPRegen  0.10/turn              (no ring)

@: no status effects
A: claws 1, icy blue scales 1, powered by pain 2
a: Berserk, Trog's Hand, Burn Spellbooks, Renounce Religion


You were on level 4 of the Dungeon.
You worshipped Trog.
Trog was pleased with you.
You were hungry.

You visited 1 branch of the dungeon, and saw 4 of its levels.

You collected 172 gold pieces.

Inventory:

Hand Weapons
 a - a +0 falchion (weapon)
 u - the +1 trident of Fate {pierce, Str+4 Int-2}
   (You found it on level 4 of the Dungeon)

   It inflicts extra damage upon your enemies.
   It affects your strength (+4).
   It affects your intelligence (-2).
Armour
 b - a +0 animal skin (worn)
Jewellery
 j - a ring of stealth (left claw)
Wands
 r - a wand of paralysis (13)
Scrolls
 e - a scroll of identify
 g - a scroll of blinking
 n - 2 scrolls of magic mapping
 p - a scroll of enchant armour {unknown}
 q - a scroll of noise {unknown}
 s - a scroll of enchant weapon {unknown}
Potions
 f - 4 potions of curing {unknown}
 k - a potion of haste
 l - 2 potions of brilliance {unknown}
 m - a potion of agility {unknown}
 t - a potion of degeneration {unknown}
Comestibles
 c - 5 rations


   Skills:
 - Level 3.0 Fighting
 + Level 6.8 Long Blades
 - Level 1.7 Armour
 - Level 1.7 Dodging


You had 5 spell levels left.
You didn't know any spells.

Dungeon Overview and Level Annotations

Branches:
Dungeon (4/15)
 Temple: D:4-7

Altars:
Nemelex Xobeh


Innate Abilities, Weirdness & Mutations

You have sharp fingernails.
You are partially covered in icy blue scales. (AC +2)
You sometimes gain power by taking damage.


Message History

The phantom hits you!
You are too injured to fight recklessly!
You are too injured to fight recklessly!
You hit the phantom.
The phantom is almost destroyed.
The phantom misses you.
You barely miss the phantom.
The phantom is almost destroyed.
The phantom closely misses you.
You barely miss the phantom.
The phantom is almost destroyed.
The phantom hits you.
The phantom blinks!
You barely miss the phantom.
The phantom is almost destroyed.
The phantom hits you!
* * * LOW HITPOINT WARNING * * *
You barely miss the phantom.
The phantom is almost destroyed.
The phantom hits you!
You die...

########### #.........#
#.#######.# #.# #.#
###############.##### #.#
#...................# #.#
######.#######@#####.###.#
#.# #...##.# ##.W.## #§#
#.# #.# #.#...<# #.....#
#§###.###.# #...####
##...## #§§§§§....# ##.##
##.## #####.###.# #.# #.#
*,,.....#.# #.# #.#
*,###W#.#.# #.# ##'## *,*
#...#.# #.### ##...## *,*
#.#,#.#


You could see a phantom.

Vanquished Creatures
  Grinder (D:3)
  Jessica (D:3)
  Natasha (thrice) (D:3)
  Robin (D:2)
  An adder (D:2)
  A worm (D:3)
  6 dart slugs
  A leopard gecko (D:3)
  An orc (D:3)
  6 giant cockroaches
  9 hobgoblins
  6 bats
  5 frilled lizards
  15 goblins
  4 kobolds
  9 rats
70 creatures vanquished.

Notes
Turn   | Place    | Note
-------+----------+-------------------------------------------
     0 | D:1      | Alarkh the Demonspawn Berserker began the quest for the Orb.
     0 | D:1      | Reached XP level 1. HP: 18/18 MP: 1/1
   112 | D:1      | Reached skill level 3 in Long Blades
   229 | D:1      | Gained mutation: You sometimes gain a little power by taking damage. [demonic ancestry]
   229 | D:1      | Reached XP level 2. HP: 10/24 MP: 2/2
  1170 | D:2      | Noticed Robin
  1179 | D:1      | Gained mutation: You sometimes gain power by taking damage. [demonic ancestry]
  1179 | D:1      | Reached XP level 3. HP: 13/29 MP: 3/3
  1387 | D:2      | Reached ** piety under Trog
  1491 | D:2      | Reached skill level 4 in Long Blades
  1875 | D:2      | Found a sparkling altar of Nemelex Xobeh.
  1904 | D:2      | Killed Robin
  2327 | D:2      | Gained mutation: You have sharp fingernails. [demonic ancestry]
  2327 | D:2      | Reached XP level 4. HP: 33/35 MP: 4/4
  3015 | D:3      | Noticed Natasha
  3025 | D:3      | Killed Natasha
  3025 | D:3      | Reached skill level 5 in Long Blades
  3086 | D:3      | Noticed Grinder
  3099 | D:3      | Killed Grinder
  3099 | D:3      | Reached skill level 6 in Long Blades
  3099 | D:3      | Reached XP level 5. HP: 41/41 MP: 5/5
  3099 | D:3      | Gained mutation: You are partially covered in icy blue scales. (AC +2) [demonic ancestry]
  3099 | D:3      | Reached XP level 6. HP: 47/47 MP: 6/6
  3284 | D:3      | Noticed Jessica
  3289 | D:3      | Killed Jessica
  3500 | D:3      | Found a sparkling altar of Nemelex Xobeh.
  3705 | D:3      | Noticed Natasha
  3709 | D:3      | Killed Natasha
  3962 | D:3      | Found a sparkling altar of Nemelex Xobeh.
  4325 | D:3      | Noticed Natasha
  4335 | D:3      | Killed Natasha
  4584 | D:4      | Got a smoking trident
  4585 | D:4      | Identified the cursed +1 trident of Fate {pierce, Str+4 Int-2} (You found it on level 4 of the Dungeon)
  4645 | D:4      | Slain by a phantom

Vault maps used:
D:1:      lemuel_arrival_cross
D:2:      nemelex_xobeh_ov_fountains_minmay, serial_co_window_serial,
          co_window_cross_1, co_window_corner_a, co_window_corner_a,
          co_window_paths_a, co_window_paths_a, co_window_paths_b,
          co_window_paths_b, co_window_paths_b, co_window_paths_b,
          co_window_unsneaky_path_e, co_window_paths_c, co_window_paths_c,
          glass_columns_b, glass_columns_b, glass_columns_a, first_ration,
          uniq_robin
D:3:      nemelex_lonely_heart_becter, uniq_natasha, uniq_grinder, uniq_jessica
D:4:      yredelemnul_altar_generic

Skill      XL: |  1  2  3  4 |
---------------+-------------+-----
Long Blades    | 3 4 6 |  6.8
Fighting       | |  3.0
Armour         | |  1.7
Dodging        | |  1.7

Action                   |  1- 3 |  4- 6 || total
-------------------------+-------+-------++-------
Melee: Falchion          |   127 |    84 ||   211
Invok: Berserk           |     1 |     5 ||     6
       Trog's Hand       |     1 |     1 ||     2
  Use: Scroll            |     2 |     6 ||     8
 Stab: Sleeping          |     1 |     1 ||     2
  Eat: Chunk             |     6 |    11 ||    17
Armor: Animal skin       |    28 |     8 ||    36
Dodge: Dodged            |    80 |    31 ||   111
       Rpst.: Falchion   |    29 |     8 ||    37

Table legend:
 A = Spawn XP
 B = Non-spawn XP
 C = Spawn XP percentage of total XP
 D = Spawn monster count
 E = Non-spawn monster count
 F = Spawn count percentage of total count
 G = Total turns spent on level
                    A         B        C        D         E        F      G
               +---------+---------+-------+---------+---------+-------+---------
         Total |       0 |     582 |   0.0 |       0 |      70 |   0.0 |  4645
               +---------+---------+-------+---------+---------+-------+---------
           D:1 |       0 |      42 |   0.0 |       0 |      24 |   0.0 |  1348
           D:2 |       0 |      82 |   0.0 |       0 |      31 |   0.0 |  1582
           D:3 |       0 |     458 |   0.0 |       0 |      15 |   0.0 |  1588
               +---------+---------+-------+---------+---------+-------+---------
